Map: Sequencer LE

Players

Lambo

  • Race: Zerg Zerg
  • Spawn Location: 1:00

SpeCIaL - Winner!

  • Race: Terran Terran
  • Spawn Location: 7:00

Event: WCS Jonkoping 2017

VOD

Have the link to the VOD?

Description

Time

  • Played on: June 17, 2017, 1:56 p.m.
  • Length: 6:20

All games in this series

Show
View Real Time Build Order
Export as new Build Order

Lambo Zerg 

Build Orders: Hatch First 

Get SALT Encoding   

  12  0:00  Drone  
  13  0:12  Overlord  
  13  0:17  Drone  
  14  0:31  Drone x2  
  14  0:35  Drone  
  17  0:52  Hatchery  
  17  0:55  Drone  
  17  0:58  Drone  
  18  1:10  Extractor  
  17  1:13  Spawning Pool  
  17  1:16  Drone  
  17  1:19  Drone  
  18  1:28  Drone  
  19  1:40  Overlord  
  19  1:51  Drone  
  20  2:00  Queen  
  20  2:01  Zergling x2  
  23  2:03  Queen  
  23  2:04  Zergling x2  
  26  2:11  Metabolic Boost  
  26  2:13  Drone  
  26  2:15  Drone  
  28  2:23  Drone  
  29  2:31  Drone  
  29  2:40  Zergling x4  
  29  2:43  Queen x2  
  35  2:47  Overlord  
  35  2:56  Overlord  
  35  2:57  Zergling x2  
  36  3:07  Zergling x4  
  37  3:14  Zergling x8  
  40  3:23  Evolution Chamber  
  40  3:25  Zergling x6  
  40  3:26  Zergling x2  
  41  3:36  Zergling x6  
  41  3:40  Overlord  
  42  3:49  Drone  
  42  3:53  Zergling x2  
  42  3:54  Zergling x4  
  46  4:01  Drone x3  
  49  4:12  Drone x2  
  49  4:14  Drone  
  52  4:21  Hatchery  
  52  4:23  Drone  
  52  4:33  Drone x4  
  52  4:37  Overlord  
  56  4:40  Drone  
  57  4:46  Baneling Nest  
  57  4:51  Overlord  
  57  4:52  Overlord  
  53  4:57  Zergling x4  
  54  5:00  Zergling x2  
  54  5:04  Zergling x6  
  58  5:08  Zergling x4  
  58  5:12  Zergling x4  
  62  5:16  Overlord  
  62  5:22  Zergling x2  
  60  5:30  Zergling x6  
  60  5:32  Zergling x4  
  64  5:40  Zergling x2  
  64  5:41  Zergling x2  
  59  5:45  Zergling x10  
  57  5:52  Zergling x2  
  57  5:55  Zergling x4  
  60  6:02  Baneling  
Show
View Real Time Build Order
Export as new Build Order

SpeCIaL Terran - Winner!

Build Orders:  

Get SALT Encoding   

  12  0:00  SCV  
  13  0:13  SCV  
  14  0:20  Supply Depot  
  14  0:25  SCV  
  15  0:42  SCV  
  16  0:43  Barracks  
  16  0:46  Refinery  
  16  0:54  SCV  
  17  1:02  Barracks  
  17  1:06  SCV  
  19  1:18  SCV  
  19  1:31  Orbital Command, Reaper  
  20  1:40  Barracks  
  20  1:49  Refinery, Reaper  
  21  1:54  Supply Depot  
  21  1:58  SCV  
  22  2:05  Reaper  
  23  2:16  SCV  
  23  2:21  Reaper  
  25  2:28  SCV, Reaper  
  27  2:30  Supply Depot  
  27  2:38  Reaper  
  27  2:40  SCV  
  29  2:52  SCV  
  29  2:53  Reaper  
  31  3:01  Command Center  
  31  3:03  Reaper  
  31  3:04  SCV  
  33  3:10  Reaper  
  34  3:16  SCV  
  35  3:24  Supply Depot  
  35  3:25  Reaper  
  36  3:28  SCV  
  37  3:40  SCV  
  38  3:47  Barracks Tech Lab  
  38  3:52  SCV  
  38  3:53  Barracks Reactor  
  39  3:58  Barracks Reactor  
  39  4:04  SCV  
  39  4:07  Marine  
  39  4:08  Stimpack  
  41  4:14  Orbital Command  
  41  4:15  Factory  
  41  4:17  SCV  
  42  4:21  Refinery  
  42  4:23  Engineering Bay  
  42  4:24  Marine  
  42  4:29  SCV  
  42  4:30  Marine x2  
  46  4:34  Marine x2  
  48  4:41  SCV  
  48  4:42  Marine  
  50  4:47  Marine x2, SCV  
  50  4:52  Marine x2  
  55  4:53  SCV  
  55  4:59  SCV  
  57  5:00  Marine  
  57  5:03  Starport  
  57  5:05  SCV, Marine x2  
  61  5:07  Factory Reactor  
  61  5:11  Supply Depot  
  61  5:16  SCV  
  61  5:19  Supply Depot  
  62  5:32  Marine x5, SCV x2  
  66  5:49  SCV x2  
  62  5:50  Marine x4  
  62  5:51  Factory Reactor  
  62  5:53  Marine  
  70  5:57  Supply Depot  
  70  6:04  SCV  
  70  6:05  SCV  
  70  6:06  Supply Depot  
  77  6:11  Bunker  
  77  6:16  Engineering Bay  
Tags
 
Add a new tag
Caveats
  • Supply blocks, unpowered buildings, or Contaminate may cause inaccurate times.
  • Supply counts are checked every 10 seconds.